 Dungeon Crawl Stone Soup version 0.28.0 (webtiles) character file.

Game seed: 16159048959501686790

498 Host24 the Quickloader (level 7, -24/41 HPs)
             Began as a Kobold Hunter on Feb 20, 2022.
             Killed from afar by Ijyb (30 damage)
             ... with a bolt of acid
             ... on level 3 of the Dungeon.
             The game lasted 00:06:02 (3476 turns).

Host24 the Quickloader (Kobold Hunter)              Turns: 3476, Time: 00:06:02

Health: -24/41     AC:  3    Str: 11    XL:     7   Next: 39%
Magic:  7/7        EV: 15    Int: 12    God:
Gold:   121        SH:  0    Dex: 16    Spells: 6/6 levels left

rFire   . . .      SeeInvis .   a - +1 hand crossbow
rCold   . . .      Faith    .   (no shield)
rNeg    . . .      Spirit   .   c - +0 leather armour
rPois   .          Reflect  .   (no helmet)
rElec   .          Harm     .   (no cloak)
rCorr   .          Rampage  .   (no gloves)
Will    .....                   (no boots)
Stlth   +++.......              (no amulet)
HPRegen 0.13/turn               (no ring)
MPRegen 0.10/turn               (no ring)

@: no status effects
A: small, no large weapons, nightstalker 3
a: no special abilities


You were on level 3 of the Dungeon.
You visited 1 branch of the dungeon, and saw 3 of its levels.

You collected 121 gold pieces.

Inventory:

Hand Weapons
 a - a +1 hand crossbow (weapon)
 b - a +0 short sword
Missiles
 f - 74 arrows
 h - 107 stones
 l - 50 sling bullets
 s - 3 boomerangs
Armour
 c - a +0 leather armour (worn)
Scrolls
 e - 8 scrolls of identify {unknown}
 i - 2 scrolls of vulnerability {unknown}
 p - a scroll of summoning {unknown}
 r - a scroll of fog {unknown}
Potions
 g - 2 potions of degeneration {unknown}
 j - a potion of might {unknown}
 k - 2 potions of heal wounds {unknown}
 m - 2 potions of curing
 n - a potion of haste {unknown}
 o - a potion of lignification {unknown}
 q - a potion of berserk rage {unknown}


   Skills:
 - Level 3.0 Fighting
 + Level 9.6 Crossbows
 - Level 3.0 Dodging
 - Level 1.3 Stealth


You had 6 spell levels left.
You didn't know any spells.
Your spell library contained the following spells:

 Spells                   Type           Power      Damage    Failure   Level
 Ensorcelled Hibernation  Hex/Ice        0%         N/A       54%         2
 Passwall                 Tmut/Erth      0%         N/A       54%         2
 Swiftness                Air            0%         N/A       78%         3
 Fireball                 Conj/Fire      0%         3d3       100%        5
 Starburst                Conj/Fire      0%         6d3       100%        6
 Ignition                 Fire           0%         3d3       100%        8


Dungeon Overview and Level Annotations

Branches:
Dungeon (3/15)

Altars:

Annotations:
D:3 Ijyb


Innate Abilities, Weirdness & Mutations

You are small and have problems with some larger weapons.
You are completely attuned to the shadows.


Message History

You kill Grinder!
Your Crossbows skill increases to level 9!
You have reached level 7!
d - 3 bolts (gained 1)
d - 4 bolts (gained 1)
You see here 3 bolts.
You see here 2 bolts.
Ijyb shouts!
Ijyb zaps a wand.
The bolt of acid misses you.
You see here 2 bolts.
You see here 3 bolts.
Fire: 4 bolts
Press: ? - help, Q - select action, (/) - cycle Shift-Dir - straight line, f - Ijyb
Aim: Ijyb, wielding a +0 dagger, wearing a +0 scale mail and carrying a wand of acid (9) (66% to hit)
You shoot a bolt. The bolt hits Ijyb!
Ijyb is heavily wounded.
Fire: 3 bolts
Press: ? - help, Q - select action, (/) - cycle Shift-Dir - straight line, f/p - Ijyb
Aim: Ijyb, wielding a +0 dagger, wearing a +0 scale mail and carrying a wand of acid (9) (heavily wounded, 66% to hit)
You shoot a bolt. The bolt closely misses Ijyb.
Ijyb screams, "No!
No, no, no, no!"
Ijyb barely misses you.
Fire: 2 bolts
Press: ? - help, Q - select action, (/) - cycle Shift-Dir - straight line, f/p - Ijyb
Aim: Ijyb, wielding a +0 dagger, wearing a +0 scale mail and carrying a wand of acid (9) (heavily wounded, 66% to hit)
You shoot a bolt. The bolt hits Ijyb.
Ijyb is severely wounded.
Ijyb zaps a wand.
The bolt of acid misses you.
Fire: bolt
Press: ? - help, Q - select action, (/) - cycle Shift-Dir - straight line, f/p - Ijyb
Aim: Ijyb, wielding a +0 dagger, wearing a +0 scale mail and carrying a wand of acid (8) (severely wounded, 66% to hit)
You shoot a bolt. The bolt closely misses Ijyb.
Ijyb hits you with a +0 dagger.
* * * LOW HITPOINT WARNING * * *
Unknown command.
Unknown command.
Ijyb closely misses you.
Ijyb zaps a wand.
The bolt of acid hits you!!
Ouch! That really hurt!
You die...

##.#.#..###.##
#.#
##.....#.#.##
#.# ####.#.##.##
#.# ## #.#.##.#
#.# ..5 #. #.#
#.# ... #.# #.#
... # #.# #.# .#
##.##.#######.#
.#
....(.((..g..@.#
.#
.##.##.#########
.##.##.##.#
..#.##.##.#####
....##.##.....#
..####.######.##
.#####..# #..#
........# #..♣
## ..####..#
##..♣PP##


You could see Ijyb.

Vanquished Creatures
  Grinder (D:3)
  Sigmund (D:2)
  An orc priest (D:3)
  5 adders
  A dart slug (D:1)
  3 orcs (D:3)
  5 endoplasms
  4 giant cockroaches
  2 goblins
  7 hobgoblins
  4 jackals (D:2)
  4 kobolds
  2 quokkas
  8 ball pythons
  6 bats
  8 frilled lizards
  6 rats
68 creatures vanquished.

Vanquished Creatures (others)
  12 plants (D:3)
12 creatures vanquished.

Grand Total: 80 creatures vanquished

Notes
Turn   | Place    | Note
-------+----------+-------------------------------------------
     0 | D:1      | Host24 the Kobold Hunter began the quest for the Orb.
     0 | D:1      | Reached XP level 1. HP: 12/12 MP: 1/1
   109 | D:1      | Reached skill level 5 in Crossbows
   141 | D:1      | Reached XP level 2. HP: 18/18 MP: 2/2
   590 | D:1      | Reached XP level 3. HP: 23/23 MP: 3/3
  1651 | D:2      | Reached XP level 4. HP: 28/28 MP: 4/4
  1856 | D:2      | Noticed Sigmund
  1866 | D:2      | Killed Sigmund
  1867 | D:2      | Reached skill level 7 in Crossbows
  1867 | D:2      | Reached XP level 5. HP: 29/32 MP: 5/5
  1867 | D:2      | Reached XP level 6. HP: 34/37 MP: 6/6
  1874 | D:2      | Found a faded altar of an unknown god.
  2398 | D:3      | Noticed Grinder
  2398 | D:3      | Paralysed by Grinder for 6 turns
  2450 | D:3      | Reached skill level 8 in Crossbows
  2869 | D:3      | Noticed Ijyb
  3447 | D:3      | Killed Grinder
  3448 | D:3      | Reached skill level 9 in Crossbows
  3448 | D:3      | Reached XP level 7. HP: 6/41 MP: 7/7
  3476 | D:3      | Killed from afar by Ijyb

Illustrated notes

Levels and vault maps discovered:
D:1:      dpeg_arrival_shelter, layout_basic, st_stairs_13
D:2:      wander_river, layout_loops_ring, basic_ecumenical_altar, uniq_sigmund
D:3:      layout_loops_ring, serial_forest, infiniplex_forest_lined_2,
          infiniplex_forest_lined_2, infiniplex_forest_corner_1,
          infiniplex_forest_clump_cross, infiniplex_forest_lined_3_way,
          infiniplex_forest_zigzag_1, grunt_ministairs_11, uniq_ijyb,
          uniq_grinder

Skill      XL: |  1  2  3  4  5  6 |
---------------+-------------------+-----
Crossbows      | 5 7 9 |  9.6
Fighting       | 3 |  3.0
Dodging        | 3 |  3.0
Stealth        | |  1.3

Action                   |  1- 3 |  4- 6 |  7- 9 || total
-------------------------+-------+-------+-------++-------
Melee: Short sword       |   105 |    94 |       ||   199
       Punch             |     2 |     2 |       ||     4
 Fire: Hand crossbow     |     5 |    50 |     4 ||    59
 Stab: Sleeping          |    18 |     7 |       ||    25
Armor: Leather armour    |    20 |    28 |       ||    48
Dodge: Dodged            |    78 |    85 |     4 ||   167
